Map: Honorgrounds LE

Players

TRUE - Winner!

  • Race: Zerg Zerg
  • Spawn Location: 1:00

PiLiPiLi

  • Race: Protoss Protoss
  • Spawn Location: 11:00

Event: IEM XI Katowice - World Championship 2017

VOD

Have the link to the VOD?

Description

Time

  • Played on: March 3, 2017, 5:45 a.m.
  • Length: 9:17

All games in this series

Show
View Real Time Build Order
Export as new Build Order

TRUE Zerg - Winner!

Build Orders: Hatch First 

Get SALT Encoding   

  12  0:00  Drone  
  13  0:12  Overlord  
  13  0:18  Drone  
  14  0:31  Drone x2  
  14  0:34  Drone  
  17  0:54  Hatchery  
  17  0:57  Drone  
  17  1:11  Spawning Pool  
  16  1:13  Extractor  
  16  1:16  Drone  
  16  1:20  Drone  
  16  1:24  Drone  
  18  1:28  Drone  
  19  1:41  Overlord  
  19  1:58  Queen  
  21  2:06  Queen  
  21  2:07  Drone x3  
  26  2:13  Metabolic Boost  
  26  2:18  Zergling x4  
  28  2:24  Zergling x2  
  28  2:29  Zergling x2  
  30  2:33  Zergling x2  
  30  2:36  Queen  
  33  2:39  Zergling x2  
  33  3:00  Drone  
  33  3:01  Drone x2  
  33  3:04  Overlord  
  34  3:18  Drone x3  
  34  3:19  Overlord  
  35  3:23  Drone x4  
  39  3:27  Drone  
  39  3:30  Drone  
  41  3:36  Drone  
  43  3:41  Drone  
  43  3:46  Drone x3  
  46  3:49  Drone  
  46  3:52  Drone  
  46  3:54  Evolution Chamber  
  47  4:01  Hatchery  
  46  4:07  Overlord  
  46  4:10  Zergling x6  
  46  4:11  Zergling x2  
  46  4:14  Zergling x2  
  51  4:20  Zerg Melee Weapons Level 1  
  51  4:22  Zergling x2, Overlord  
  52  4:25  Zergling x8  
  52  4:28  Zergling x2  
  52  4:30  Zergling x2  
  59  4:38  Zergling x4  
  60  4:54  Overlord  
  60  4:56  Zergling x14  
  67  5:03  Overlord  
  67  5:09  Overlord  
  67  5:13  Overlord  
  66  5:17  Overlord  
  66  5:18  Zergling x2  
  66  5:20  Overlord  
  69  5:21  Zergling x4  
  69  5:22  Zergling x2  
  69  5:23  Zergling x2  
  69  5:24  Zergling x2  
  69  5:25  Zergling x2  
  72  5:28  Zergling x2  
  72  5:30  Zergling x2  
  72  5:34  Zergling x2  
  66  5:37  Zergling x2  
  66  5:38  Zergling x2  
  66  5:47  Zergling x2  
  66  5:49  Zergling x2  
  69  5:50  Zergling x2  
  69  5:55  Queen, Drone x3  
  69  5:56  Lair  
  69  5:58  Drone  
  69  5:59  Drone  
  69  6:01  Extractor  
  71  6:04  Drone  
  67  6:12  Hatchery  
  67  6:14  Zergling x8  
  67  6:16  Zergling x2  
  67  6:19  Zergling x4  
  67  6:34  Queen  
  69  6:42  Drone x2  
  69  6:43  Drone x5  
  74  6:58  Roach Warren  
  74  7:00  Drone  
  74  7:01  Extractor, Drone  
  74  7:04  Zerg Missile Weapons Level 1  
  74  7:05  Zergling x12  
  79  7:08  Overlord  
  79  7:11  Zergling x2  
  79  7:14  Zergling x4  
  79  7:15  Zergling x4  
  82  7:16  Zergling x2  
  82  7:18  Zergling x10  
  82  7:28  Zergling x2  
  83  7:32  Overlord  
  83  7:36  Drone  
  83  7:37  Drone  
  83  7:39  Glial Reconstitution  
  83  7:41  Queen  
  83  7:43  Drone  
  83  7:44  Drone  
  87  7:53  Drone x2  
  87  7:54  Roach x4  
  87  7:55  Roach x6  
  109  8:00  Roach  
  109  8:01  Roach  
  109  8:04  Roach  
  109  8:05  Overlord  
  114  8:07  Roach  
  114  8:10  Zergling x2, Roach  
  114  8:12  Zergling x2  
  115  8:14  Roach  
  115  8:16  Roach  
  118  8:20  Roach  
  118  8:24  Overlord  
  118  8:25  Zergling x4, Roach  
  118  8:26  Zergling x2  
  125  8:27  Zergling x2  
  125  8:30  Zergling x4  
  127  8:34  Roach  
  127  8:37  Zergling x2  
  127  8:39  Zergling x4  
  127  8:40  Zergling x2  
  119  8:41  Zergling x2  
  119  8:44  Zergling x2  
  119  8:47  Ravager x2  
  119  8:48  Zergling x6  
  107  8:49  Zergling x2  
  107  8:51  Zergling x2  
  107  8:53  Zergling x2  
  104  8:55  Zergling x2  
  104  8:58  Zergling x4  
Show
View Real Time Build Order
Export as new Build Order

PiLiPiLi Protoss 

Build Orders: Mass Adepts 

Get SALT Encoding   

  12  0:01  Probe (Chrono Boost)  
  13  0:11  Probe (Chrono Boost)  
  14  0:19  Pylon  
  14  0:22  Probe (Chrono Boost)  
  15  0:37  Probe (Chrono Boost)  
  15  0:38  Gateway  
  16  0:45  Assimilator  
  16  0:48  Probe (Chrono Boost)  
  17  0:58  Probe (Chrono Boost)  
  17  1:02  Gateway  
  18  1:09  Probe (Chrono Boost)  
  19  1:19  Probe (Chrono Boost)  
  19  1:25  Cybernetics Core  
  20  1:26  Pylon  
  20  1:30  Probe (Chrono Boost)  
  21  1:54  Nexus  
  21  2:00  Adept  
  21  2:03  Adept  
  21  2:08  Warp Gate  
  25  2:11  Probe (Chrono Boost)  
  26  2:18  Assimilator  
  27  2:23  Probe (Chrono Boost)  
  27  2:27  Pylon  
  27  2:35  Probe (Chrono Boost)  
  28  2:40  Stalker  
  30  2:45  Adept  
  30  2:48  Probe (Chrono Boost)  
  33  3:03  Probe (Chrono Boost)  
  34  3:06  Twilight Council  
  34  3:10  Probe (Chrono Boost)  
  35  3:15  Probe (Chrono Boost)  
  34  3:25  Probe (Chrono Boost)  
  36  3:31  Resonating Glaives, Gateway  
  37  3:36  Probe (Chrono Boost)  
  37  3:37  Mothership Core (Chrono Boost)  
  38  3:48  Probe (Chrono Boost)  
  38  3:56  Probe (Chrono Boost)  
  38  3:59  Robotics Facility  
  38  4:00  Probe (Chrono Boost)  
  39  4:07  Probe (Chrono Boost)  
  40  4:12  Probe (Chrono Boost)  
  40  4:15  Adept x2  
  45  4:17  Probe (Chrono Boost)  
  45  4:20  Assimilator  
  45  4:22  Pylon  
  47  4:24  Probe (Chrono Boost)  
  47  4:28  Probe (Chrono Boost)  
  48  4:34  Adept  
  48  4:35  Adept  
  48  4:36  Probe (Chrono Boost)  
  53  4:39  Probe (Chrono Boost)  
  53  4:40  Pylon  
  53  4:42  Warp Prism  
  54  4:48  Probe (Chrono Boost)  
  57  4:55  Adept x2  
  57  4:56  Probe (Chrono Boost)  
  57  4:59  Adept  
  65  5:00  Probe (Chrono Boost)  
  65  5:05  Pylon  
  66  5:08  Probe (Chrono Boost)  
  66  5:13  Immortal  
  67  5:22  Adept  
  67  5:24  Probe (Chrono Boost)  
  67  5:26  Probe (Chrono Boost)  
  62  5:36  Probe (Chrono Boost)  
  62  5:38  Probe (Chrono Boost)  
  63  5:48  Probe (Chrono Boost), Immortal  
  62  5:51  Adept x3  
  62  5:54  Probe (Chrono Boost)  
  61  6:02  Pylon  
  61  6:13  Sentry  
  61  6:14  Sentry x2  
  67  6:22  Immortal  
  65  6:32  Gateway  
  67  6:34  Gateway  
  67  6:35  Probe (Chrono Boost), Gateway  
  67  6:39  Sentry  
  69  6:42  Pylon  
  69  6:43  Adept  
  70  6:54  Gateway  
  70  6:58  Probe (Chrono Boost)  
  70  7:02  Pylon  
  70  7:04  Pylon  
  70  7:06  Immortal  
  74  7:19  Adept x3  
  66  7:37  Sentry  
  70  7:45  Probe (Chrono Boost)  
  70  7:48  Sentry x2  
  70  7:49  Adept x3  
  80  7:51  Adept  
  81  8:10  Gateway  
  81  8:12  Adept x6  
  93  8:22  Pylon  
  93  8:37  Adept x2  
  85  8:42  Adept x2  
  85  8:44  Adept x2  
  85  8:45  Adept  
  81  9:04  Adept x2  
  81  9:05  Adept x4  

Tags
 
Add a new tag
Caveats
  • Supply blocks, unpowered buildings, or Contaminate may cause inaccurate times.
  • Supply counts are checked every 10 seconds.